 Dungeon Crawl Stone Soup version 0.20.1-1-g8b1a95d (webtiles) character file.

15 count5 the Ducker (level 2, -1/15 HPs)
             Began as a Spriggan Warper on Oct 26, 2017.
             Slain by a gnoll
             ... wielding a +0 spear
              (11 damage)
             ... on level 1 of the Dungeon.
             The game lasted 00:06:35 (1214 turns).

count5 the Ducker (Spriggan Warper)                 Turns: 1214, Time: 00:06:36

Health: -1/15      AC:  3    Str:  7    XL:     2   Next: 34%
Magic:  6/6        EV: 19    Int: 14    God:
Gold:   59         SH:  0    Dex: 15    Spells: 4/6 levels left

rFire    . . .     SeeInvis +   a - +0 short sword
rCold    + . .     Gourm    .   (shield restricted)
rNeg     . . .     Faith    .   b - +1 robe
rPois    .         Spirit   .   (helmet restricted)
rElec    .         Reflect  .   (no cloak)
rCorr    .         Harm     .   (gloves unavailable)
MR       .....                  (boots unavailable)
Stlth    +.........             (no amulet)
Regen    0.1/turn               k - ring of protection from cold
MPRegen  0.1/turn               (no ring)

@: very quick
A: unfitting armour, see invisible, herbivore 3, speed 3, slow metabolism 2
a: no special abilities


You were on level 1 of the Dungeon.
You were not hungry.

You visited 1 branch of the dungeon, and saw 1 of its levels.

You collected 59 gold pieces.

Inventory:

Hand Weapons
 a - a +0 short sword (weapon)
Missiles
 g - 15 stones (quivered)
Armour
 b - a +1 robe (worn)
Jewellery
 k - a ring of protection from cold (left hand)
Scrolls
 d - a scroll of teleportation
 e - a scroll of blinking
 l - a scroll of identify {unknown}
Potions
 h - 2 potions of haste {unknown}
 i - 2 potions of heal wounds {unknown}
 j - a potion of berserk rage {unknown}
Books
 c - a book of Spatial Translocations

   Spells                             Type                      Level
   a - Blink                          Translocation                2
   b - Shroud of Golubria             Charms/Translocation         2
   c - Lesser Beckoning               Translocation                3
   d - Gell's Gravitas                Translocation                3
   e - Teleport Other                 Translocation                3
   f - Passage of Golubria            Translocation                4
Comestibles
 f - a bread ration


   Skills:
 + Level 1.7 Fighting
 + Level 2.1 Short Blades
 + Level 1.1 Throwing
 * Level 4.5 Dodging
 + Level 2.6 Spellcasting
 + Level 4.4 Translocations


You had 4 spell levels left.
You knew the following spells:

 Your Spells              Type           Power        Failure   Level  Hunger
a - Blink                 Tloc           N/A          5%          2    ###....


Dungeon Overview and Level Annotations

Branches:
Dungeon (1/15)

Altars:


Innate Abilities, Weirdness & Mutations

You are very small and have problems with some larger weapons.
You are too small for most types of armour.
You have supernaturally acute eyesight. (SInv)
You are a herbivore.
You cover ground extremely quickly.
You need consume almost no food.


Message History

Aim: a gnoll, wielding a spear You throw a stone.
The stone closely misses the gnoll.
The gnoll barely misses you.
Throwing (i - inventory):
g - 17 stones (quivered)
Press: ? - help, Shift-Dir - straight line, f - you
Okay, then.
Throwing (i - inventory):
g - 17 stones (quivered)
Press: ? - help, Shift-Dir - straight line, f/p - gnoll
Aim: a gnoll, wielding a spear You throw a stone.
The stone barely misses the gnoll.
The gnoll hits you from afar with a spear.
Throwing (i - inventory):
g - 16 stones (quivered)
Press: ? - help, Shift-Dir - straight line, f/p - gnoll
Aim: a gnoll, wielding a spear You throw a stone.
The stone hits the gnoll.
The gnoll is lightly wounded.
The gnoll misses you.
The gnoll hits you from afar with a spear!
Ouch! That really hurt!
You die...

.## #.#'#..#
.############.#.#..#
.##................#
.##.###.......#....#
.##.#........##....#
..#..........##....####.
)...#.#.................
..#.....#.#.####.#.####
......#.#.#.# #@#.#
..#####.#.#.# ##.#.#..#..
........#.#.# #..g.....(..
.....#..###.# ####.#(.#.#.
.#........#.# #.#......#####
.#.###..#.#.# #.#..........##
.#......#.#.# #.#...........#
.######.#.#.######.....#..#....#
.# #......).....#.........#.#


You could see a gnoll.

Vanquished Creatures
  3 bats (D:1)
  A goblin (D:1)
  3 hobgoblins (D:1)
  3 kobolds (D:1)
  3 frilled lizards (D:1)
  A rat (D:1)
14 creatures vanquished.

Notes
Turn   | Place    | Note
-------+----------+-------------------------------------------
     0 | D:1      | count5 the Spriggan Warper began the quest for the Orb.
     0 | D:1      | Reached XP level 1. HP: 10/10 MP: 5/5
   592 | D:1      | Reached XP level 2. HP: 12/14 MP: 6/6
   615 | D:1      | Learned a level 2 spell: Blink
  1214 | D:1      | Slain by a gnoll

Skill      XL: |  1 |
---------------+----+-----
Dodging        | 4 |  4.5
Fighting       | |  1.7
Short Blades   | |  2.1
Throwing       | |  1.1
Spellcasting   | |  2.6
Translocations | |  4.4

Action                   || total
-------------------------++-------
Melee: Short sword       ||    64
Throw: Stone             ||    40
       Tomahawk          ||     5
  Use: Scroll            ||     4
Armor: Robe              ||     5
Dodge: Dodged            ||    64
